Unix NetHack Version 5.0.0-0 post-release - last build Jun 10 2026 00:39:30 (3ee93aec679c4c4259841fe613dc97188e26a321,branch:main).

Game began 2026-06-24 21:48:01, ended 2026-06-24 22:01:47.

ARFwashere, neutral male human Tourist

                                                           -----
                                                           |.((|
 ---------     --------                   ------------     |.((|
 |........#####|...^..|                  #............##   |...----
 |....<..|    #|.......#                 #|..........| ##f |......|
 |.......|    #-......|##             ####|..........|   @m|...(.$|
 -.--.----    #-------- ##            #   |`.........|    )|((((.
  #  ##       ####     ###            #   -+----------    #|..(-
  ###         ###        #           ##                   #....|
    ## #        ##       ### --------#                     |(.(|
     #########0  #         # |>.....-#                     -----
     ---.--------#         ##-......|
     |..........|#           |......|
     |..........|#           |......|
     |..........|#           --------
     |..........|#
     |...........#
     ------------

ARFwashere the Sightseer    St:12 Dx:11 Co:17 In:11 Wi:9 Ch:16  Neutral
Dlvl:4  $:1058 HP:0(24) Pw:10(10) AC:7  Xp:3 T:2173 

Latest messages:
 You stop.  Your kitten is in the way!
 You swap places with your kitten.
 You see here a looking glass.
 T - a looking glass.
 You swap places with your kitten.
 You see here a scroll labeled GNIK SISI VLE.
 U - a scroll labeled GNIK SISI VLE.
 Something is written here in the dust.
 You read: "?d aera???m".
 You find a hidden door.
 You swap places with your kitten.
 $ - 7 gold pieces (1058 in total).
 You find a small mimic.
 You already found a monster.  Use 'm' prefix to force another search.
 You hit the small mimic.
 You hit the small mimic.
 The small mimic hits!
 You miss the small mimic.
 You hit the small mimic.
 You miss the small mimic.
 You miss the small mimic.
 The small mimic hits!
 You hit the small mimic.
 You miss the small mimic.
 You miss the small mimic.
 You hit the small mimic.
 You hit the small mimic.
 The small mimic hits!
 You already found a monster.  Use 'm' prefix to force another search.
 You already found a monster.  Use 'm' prefix to force another search.
 In what direction? n
 The dart hits it.
 In what direction? n
 The dart hits it.
 What do you want to throw? [$azH or ?*] z
 In what direction? n
 What do you want to throw? [$aH or ?*] H
 In what direction? n
 The crude dagger misses.
 In what direction? n
 In what direction? n
 In what direction? n
 In what direction? n
 The small mimic hits!
 You die...
 Do you want your possessions identified? [ynq] (y) y
 Do you want to see your attributes? [ynq] (y) n
 Do you want an account of creatures vanquished? [ynaq] (y) n
 Do you want to see your conduct and achievements? [ynq] (y) n
 Do you want to see the dungeon overview? [ynq] (y) n

Inventory:
 Coins    ('$')
  $ - 1058 gold pieces
 Weapons  (')')
  a - 26 +2 darts (at the ready)
  Q - a +0 dagger (weapon in right hand)
 Armor    ('[')
  C - an uncursed +0 orcish helm (being worn)
  h - an uncursed +0 Hawaiian shirt with a ukulele motif (being worn)
  I - an uncursed +0 leather armor (being worn)
 Comestibles  ('%')
  d - an uncursed carrot
  b - 7 uncursed food rations
  N - an uncursed pancake
  c - an uncursed tripe ration
 Scrolls  ('?')
  J - an uncursed scroll of create monster
  m - an uncursed scroll of enchant armor
  K - a cursed scroll of enchant armor
  L - a blessed scroll of enchant weapon
  p - an uncursed scroll of food detection
  o - an uncursed scroll of gold detection
  g - 4 uncursed scrolls of magic mapping
  U - an uncursed scroll of remove curse
 Potions  ('!')
  f - 2 blessed potions of extra healing
  R - an uncursed potion of extra healing
  O - an uncursed potion of fruit juice
  t - an uncursed potion of gain ability
  q - 2 uncursed potions of healing
  u - an uncursed potion of invisibility
 Rings    ('=')
  r - an uncursed ring of teleport control
 Wands    ('/')
  v - a wand of magic missile (0:8)
  S - a wand of sleep (0:4)
  w - a wand of undead turning (0:7)
 Tools    ('(')
  j - an uncursed credit card
  i - an expensive camera (0:57)
  T - an uncursed mirror
 Gems/Stones  ('*')
  x - an uncursed worthless piece of green glass
  y - an uncursed worthless piece of orange glass

ARFwashere the Tourist's attributes:

Background:
 You were a Sightseer, a level 3 male human Tourist.
 You were neutral, on a mission for The Lady
 who was opposed by Blind Io (lawful) and Offler (chaotic).
 You were right-handed.
 You were in the Dungeons of Doom, on level 4.
 You entered the dungeon 2173 turns ago.
 It was nighttime.
 You had 62 experience points, 18 more were needed to attain level 4.

Basics:
 You had 0 out of 24 hit points.
 You had all 10 energy points (spell power).
 Your armor class was 7.
 Your wallet contained 1058 zorkmids.
 Autopickup was on for '$' plus thrown.

Final Characteristics:
 Your strength was 12 (limit:18/100).
 Your dexterity was 11 (limit:18).
 Your constitution was 17 (limit:18).
 Your intelligence was 11 (limit:18).
 Your wisdom was 9 (limit:18).
 Your charisma was 16 (limit:18).

Final Status:
 You weren't hungry.
 You were unencumbered.
 You were wielding a dagger.
 You were unskilled in dagger.

Final Attributes:
 You were haltingly aligned.
 You were warded.
 You are dead.

Miscellaneous:
 You didn't encounter any bones levels.
 Total elapsed playing time was 13 minutes and 45 seconds.

Major events:
 Turn
    1: ARFwashere the neutral male human Tourist entered the dungeon
 1365: attained the rank of Sightseer (level 3)
 1413: entered the Gnomish Mines
 2173: killed by a small mimic

You didn't know any spells.

Skills:
 Fighting Skills
   bare handed combat [Unskilled]
   two weapon combat  [Unskilled]
   riding             [Unskilled]
 Weapon Skills
   dagger             [Unskilled]
   knife              [Unskilled]
   axe                [Unskilled]
   pick-axe           [Unskilled]
   short sword        [Unskilled]
   broadsword         [Unskilled]
   long sword         [Unskilled]
   two-handed sword   [Unskilled]
   saber              [Unskilled]
   mace               [Unskilled]
   morning star       [Unskilled]
   flail              [Unskilled]
   hammer             [Unskilled]
   quarterstaff       [Unskilled]
   polearms           [Unskilled]
   spear              [Unskilled]
   trident            [Unskilled]
   lance              [Unskilled]
   bow                [Unskilled]
   sling              [Unskilled]
   crossbow           [Unskilled]
   dart               [Basic]
   shuriken           [Unskilled]
   boomerang          [Unskilled]
   whip               [Unskilled]
   unicorn horn       [Unskilled]
 Spellcasting Skills
   divination spells  [Unskilled]
   enchantment spells [Unskilled]
   escape spells      [Unskilled]

Voluntary challenges:
 Character rerolling was not enabled.
 You never genocided any monsters.
 You never polymorphed an object.
 You never changed form.
 You used no wishes.
Achievements:
 You attained the rank of Sightseer.
 You entered the Gnomish Mines.
 You entered a shop.

 The Dungeons of Doom: levels 1 to 5
    Level 1:
       An altar to The Lady, a fountain.
    Level 2:
       Stairs down to The Gnomish Mines.
    Level 3:
       A bookstore, some fountains.
    Level 4: <- You were here.
       Final resting place for
          you, killed by a small mimic.
    Level 5:
 The Gnomish Mines:
    Level 3:


Vanquished creatures:
 an acid blob
  a gas spore
  3 giant rats
  a gnome
  a gecko
  4 jackals
  a fox
  2 goblins
  3 sewer rats
  a grid bug
  4 lichens
  a kobold zombie
  8 newts
31 creatures vanquished.

No species were genocided or became extinct.

Game over:
                       ----------
                      /          \
                     /    REST    \
                    /      IN      \
                   /     PEACE      \
                  /                  \
                  |    ARFwashere    |
                  |     1058 Au      |
                  |   killed by a    |
                  |   small mimic    |
                  |                  |
                  |                  |
                  |       2026       |
                 *|     *  *  *      | *
        _________)/\\_//(\/(/\)/\//\/|_)_______

Aloha ARFwashere the Tourist...

You died in The Dungeons of Doom on dungeon level 4 with 598 points,
and 1058 pieces of gold, after 2173 moves.
You were level 3 with a maximum of 24 hit points when you died.

